AoeStats
← Strombergs

Arabia

506285283Analyzed
2v2 RM · 18d ago on Sep 13, 2026· 35m 50s· 4 players
Game mode
Random Map
Map size
Medium (4 player)
Population
200
Speed
Normal
Resources
Standard
Victory
Conquest
Starting age
Dark Age
Ending age
Imperial Age
RankedLock teamsTeams togetherTeam positionsShared explorationLock speedFull tech treeHidden civsTurbo modeCheats
Victory
Defeat
🇦🇷 Bohemians · Argentina
1005
+10
🇦🇷 Celts · Argentina
732
+19
🇨🇱 Italians · Chile
856
-15
🇨🇱 Magyars · Chile
831
-14
Lukecameron8778
1:17 Loom
10:05 Feudal Age
10:33 Double-Bit Axe
10:31 Horse Collar
11:46 Man-at-Arms
12:12 Arson
17:04 Forging
21:38 Scale Mail Armor
25:15 Castle Age
25:51 Scale Barding Armor
26:04 Town Watch
27:11 Heavy Plow
28:38 Stone Mining
30:46 Wheelbarrow
32:22 Husbandry
32:44 Bow Saw
38:16 Imperial Age
CHILEPALESTA
1:53 Loom
11:31 Feudal Age
12:28 Double-Bit Axe
16:27 Horse Collar
18:32 Scale Barding Armor
21:45 Gold Mining
22:48 Town Watch
25:22 Castle Age
25:36 Wheelbarrow
24:54 Fletching
26:38 Heavy Plow
26:53 Bow Saw
26:37 Stone Mining
27:18 Chain Barding Armor
27:02 Husbandry
26:23 Light Cavalry
29:53 Gold Shaft Mining
30:03 Hand Cart
31:12 Crossbowman
33:13 Padded Archer Armor
34:21 Thumb Ring
34:29 Bloodlines
34:38 Leather Archer Armor
Strombergs
2:27 Loom
9:57 Feudal Age
10:23 Double-Bit Axe
10:36 Horse Collar
12:47 Gold Mining
14:39 Man-at-Arms
16:58 Forging
18:01 Scale Mail Armor
20:00 Wheelbarrow
26:15 Castle Age
25:11 Stone Mining
27:39 Bow Saw
27:31 Heavy Plow
28:09 Gold Shaft Mining
29:29 Stone Shaft Mining
29:35 Iron Casting
29:20 Chain Mail Armor
28:27 Long Swordsman
30:12 Hand Cart
29:58 Gambesons
salepaixa II
10:25 Feudal Age
9:55 Loom
11:57 Loom
12:43 Town Watch
21:40 Double-Bit Axe
24:01 Castle Age
22:58 Horse Collar
24:51 Wheelbarrow
26:58 Chemistry
27:07 Padded Archer Armor
30:06 Pikeman
31:18 Scale Mail Armor
32:08 Squires
32:34 Chain Mail Armor
Connection lost

Rejoining the realm…

Still unreachable

The connection could not be restored.

Session expired

The server has moved on; the page needs a fresh start.